 Dungeon Crawl Stone Soup version 0.27-a0-1384-g1422d76b99 (webtiles) character file.

Game seed: 7450544269201462508

1285 tilp the Nimble (level 8, -6/60 HPs)
             Began as a Barachi Summoner on June 30, 2021.
             Was an Initiate of Okawaru.
             Hit by a large rock thrown by a cyclops (29 damage)
             ... on level 7 of the Dungeon.
             The game lasted 00:17:09 (8863 turns).

tilp the Nimble (Barachi Summoner)                  Turns: 8863, Time: 00:17:10

Health: -6/60      AC: 17    Str: 12    XL:     8   Next: 55%
Magic:  8/12       EV: 13    Int: 21    God:    Okawaru [......]
Gold:   182        SH:  0    Dex: 12    Spells: 7/13 levels left

rFire    . . .     SeeInvis +   a - +5 spear of Gravity {speed, rCorr SInv}
rCold    . . .     Faith    .   (no shield)
rNeg     . . .     Spirit   .   v - +5 ring mail "Cekupupa" {Int+5}
rPois    .         Reflect  .   i - +1 helmet
rElec    .         Harm     .   d - +1 cloak
rCorr    +         Rampage  .   (no gloves)
Will     .....                  w - +2 pair of boots
Stlth    ++........             (no amulet)
HPRegen  0.20/turn              (no ring)
MPRegen  0.13/turn              (no ring)

@: slow
A: amphibious, slowness 1, strong legs 1, +LOS
a: Hop, Renounce Religion


You were on level 7 of the Dungeon.
You worshipped Okawaru.
Okawaru was noncommittal.
You visited 2 branches of the dungeon, and saw 8 of its levels.

You collected 1064 gold pieces.
You spent 882 gold pieces at shops.

Inventory:

Hand Weapons
 a - the +5 spear of Gravity (weapon) {speed, rCorr SInv}
   (You took it off an orc on level 4 of the Dungeon)

   Attacks with this weapon are significantly faster.
   SInv:      It lets you see invisible.
   rCorr:     It protects you from acid and corrosion.
 b - a +1 vampiric short sword
 k - the +9 dagger "Jafeis" {flame, rC+ Will+ Str+6 Dex-4}
   (You found it on level 6 of the Dungeon)

   It has been specially enchanted to burn those struck by it, causing extra
   injury to most foes and up to half again as much damage against particularly
   susceptible opponents.
   Str:       It affects your strength (+6).
   Dex:       It affects your dexterity (-4).
   rC:        It protects you from cold.
   Will:      It increases your willpower.
 q - a +0 dagger of flaming
 t - the +7 rapier "Unemefel" {vamp, Fragile rC+ Int+7}
   (You found it on level 6 of the Dungeon)

   It inflicts no extra harm, but heals its wielder when it wounds a living foe.
   Int:       It affects your intelligence (+7).
   rC:        It protects you from cold.
   Fragile:   It will be destroyed if unequipped.
Missiles
 f - a throwing net
Armour
 d - a +1 cloak (worn)
 i - a +1 helmet (worn)
 v - the +5 ring mail "Cekupupa" (worn) {Int+5}
   (You bought it in a shop on level 6 of the Dungeon)

   Int:       It affects your intelligence (+5).
 w - a +2 pair of boots (worn)
Wands
 n - a wand of digging (8)
 r - a wand of iceblast (6)
Scrolls
 c - 2 scrolls of fear
 h - a scroll of amnesia
 l - a scroll of teleportation
 o - a scroll of fog
 x - a scroll of enchant armour
Potions
 e - a potion of brilliance
 g - a potion of mutation
 j - a potion of heal wounds {unknown}
 m - a potion of haste {unknown}
 p - a potion of lignification {unknown}
 s - a potion of might {unknown}


   Skills:
 - Level 4.0 Fighting
 + Level 9.0 Dodging
 - Level 4.0 Stealth
 - Level 3.0 Spellcasting
 - Level 6.0 Summonings


You had 7 spell levels left.
You knew the following spells:

 Your Spells              Type           Power      Damage    Failure   Level
a - Summon Small Mammal   Summ           100%       N/A       2%          1
b - Call Imp              Summ           28%        N/A       3%          2
c - Call Canine Familiar  Summ           28%        N/A       8%          3

Your spell library contained the following spells:

 Spells                   Type           Power      Damage    Failure   Level
 Summon Guardian Golem    Hex/Summ       15%        N/A       26%         3
 Animate Skeleton         Necr           6%         N/A       30%         1
 Freeze                   Ice            12%        1d4       30%         1
 Magic Dart               Conj           12%        1d3       30%         1
 Pain                     Necr           12%        1d4       30%         1
 Vampiric Draining        Necr           1%         2d6       65%         3
 Summon Ice Beast         Ice/Summ       15%        N/A       65%         4
 Summon Lightning Spire   Summ/Air       15%        N/A       65%         4
 Animate Dead             Necr           1%         N/A       96%         4
 Agony                    Necr           3%         N/A       100%        5


Dungeon Overview and Level Annotations

Branches:
Dungeon (7/15)             Temple (1/1) D:6

Altars:
Ashenzari
Cheibriados
Elyvilon
Fedhas
Gozag
Hepliaklqana
Makhleb
Okawaru
Qazlal
Ru
Sif Muna
Vehumet
Xom

Shops:
D:4 (   D:6 [

Annotations:
D:7 exclusions: boulder beetle and bullfrog


Innate Abilities, Weirdness & Mutations

You are amphibious.
You cover ground slowly.
You can hop short distances.
You have an extended range of vision and can be seen from far away.


Message History

Your hound dies!
Your hound's corpse disappears in a puff of smoke!
Reach: a) +5 spear of Gravity {speed, rCorr SInv}
Press: ? - help, Dir - move target, f - cyclops
Aim: a cyclops, quivering large rocks (lightly wounded, about 12% to evade the +5 spear of Gravity)
You reach to attack!
You hit the cyclops.
The cyclops is lightly wounded.
Unknown command.
Casting: Call Canine Familiar (dangerous; 8% risk of failure)
Confirm with . or Enter, or press ? or * to list all spells.
Reach: a) +5 spear of Gravity {speed, rCorr SInv}
Press: ? - help, Dir - move target, f/p - cyclops
Aim: a cyclops, quivering large rocks (lightly wounded, ally target, about 12% to evade the +5 spear of Gravity)
Okay, then.
Unknown command.
You swap places.
Your hound bites the cyclops but does no damage.
The cyclops throws a large rock.
The large rock hits your hound!
Your hound dies!
Your hound's corpse disappears in a puff of smoke!
Reach: a) +5 spear of Gravity {speed, rCorr SInv}
Press: ? - help, Dir - move target, f/p - cyclops
Aim: a cyclops, quivering large rocks (lightly wounded, about 12% to evade the +5 spear of Gravity)
You reach to attack!
You barely miss the cyclops.
The cyclops is lightly wounded.
The cyclops throws a large rock.
The large rock hits you!
* * * LOW HITPOINT WARNING * * *
Reach: a) +5 spear of Gravity {speed, rCorr SInv}
Press: ? - help, Dir - move target, f/p - cyclops
Aim: a cyclops, quivering large rocks (lightly wounded, about 12% to evade the +5 spear of Gravity)
You reach to attack!
You hit the cyclops.
The cyclops is lightly wounded.
Unknown command.
Aiming: Iceblast
Press: ? - help, Shift-Dir - straight line, f/p - cyclops
Aim: a cyclops, quivering large rocks (lightly wounded)
The mass of ice explodes!
The iceblast engulfs the cyclops!
The cyclops is moderately wounded.
The cyclops throws a large rock.
The large rock hits you!!
You die...

.#.......# #.#
#.# .........+
#.# #.#
.........# #.#
#.########+##
.........#
#.#.#.#.....#...#
.......<.#
#.#.#.♣.♣.♣.♣...♣
.........#
..#C#...♣.♣.'<8>+
.........+
#.#.#.♣)♣♣♣.♣...♣
F........#
#.#.#.#)♣ ♣.#...#
.........#
#@#5#.### ####+##
....B....#
#.#5#.#
.........#
#C#'#.#
...[.....#
#♣..o♣#
########## ♣♣.♣♣
###


You could see a cyclops.

Vanquished Creatures
  Sigmund (D:6)
  Eustachio (D:6)
  2 ogres
  A phantom (D:6)
  A kobold brigand (D:6)
  A bullfrog (D:6)
  A howler monkey (D:4)
  A hound (D:6)
  2 jellies
  2 orc priests
  Crazy Yiuf (D:6)
  A bullfrog skeleton (D:6)
  2 orc wizards (D:5)
  2 adders
  3 gnolls (D:5)
  An adder skeleton (D:4)
  3 orcs
  5 ball pythons
  3 bats
  2 endoplasms
  A giant cockroach (D:3)
  A goblin (D:3)
  2 jackals (D:3)
  7 kobolds
  3 quokkas
  2 rats
52 creatures vanquished.

Vanquished Creatures (collateral kills)
  2 black bears
  A centaur (D:6)
  A phantom (D:6)
  A bullfrog skeleton (D:4)
  2 hounds
  A jelly (D:5)
  2 orc priests (D:3)
  An iguana (D:6)
  An orc wizard (D:5)
  7 adders
  A gnoll (D:5)
  A white imp (D:7)
  A dart slug (D:2)
  9 orcs
  A ball python (D:1)
  4 endoplasms
  A giant cockroach (D:1)
  3 goblins (D:1)
  3 hobgoblins
  A jackal (D:3)
  3 quokkas
  2 bats (D:1)
  2 frilled lizards
  8 kobolds
  A rat (D:1)
60 creatures vanquished.

Grand Total: 112 creatures vanquished

Notes
Turn   | Place    | Note
-------+----------+-------------------------------------------
     0 | D:1      | tilp the Barachi Summoner began the quest for the Orb.
     0 | D:1      | Reached XP level 1. HP: 13/13 MP: 3/3
   479 | D:1      | Reached skill level 1 in Fighting
   981 | D:1      | Reached XP level 2. HP: 22/22 MP: 0/5
   984 | D:1      | Learned a level 2 spell: Call Imp
  1621 | D:2      | Reached skill level 5 in Summonings
  1749 | D:2      | Reached XP level 3. HP: 27/27 MP: 6/6
  1753 | D:2      | Learned a level 3 spell: Call Canine Familiar
  3549 | D:3      | Reached XP level 4. HP: 27/33 MP: 3/8
  4344 | D:4      | Reached XP level 5. HP: 30/39 MP: 2/9
  4412 | D:4      | Identified the +5 spear of Gravity {speed, rCorr SInv}
  4567 | D:4      | Found a stormy altar of Qazlal.
  4567 | D:4      | Found a burning altar of Makhleb.
  4652 | D:4      | Found Jaxizxysism's Weapon Emporium.
  5004 | D:4      | Reached skill level 3 in Dodging
  5052 | D:4      | Noticed a black bear
  5420 | D:4      | Killed a black bear
  5421 | D:4      | Reached XP level 6. HP: 37/48 MP: 1/10
  5681 | D:5      | Entered Level 5 of the Dungeon
  5933 | D:5      | Reached skill level 4 in Dodging
  6172 | D:5      | Identified the +0 robe of Cuoheim {rF+ SInv}
  6241 | D:5      | Found a hazy altar of Hepliaklqana.
  6490 | D:5      | Reached XP level 7. HP: 53/54 MP: 11/11
  6675 | D:5      | Identified a scroll of acquirement
  6675 | D:5      | Acquired 749 gold pieces
  6735 | D:6      | Found Eweycow's Armour Boutique.
  6739 | D:6      | Noticed Sigmund
  6766 | D:6      | Reached skill level 5 in Dodging
  6895 | D:6      | Noticed Eustachio
  7024 | D:6      | Killed Sigmund
  7035 | D:6      | Identified the +9 dagger "Jafeis" {flame, rC+ Will+ Str+6
                  | Dex-4}
  7038 | D:6      | Identified the +7 rapier "Unemefel" {vamp, Fragile rC+
                  | Int+7}
  7057 | D:6      | Reached skill level 6 in Dodging
  7292 | D:6      | Bought the +5 ring mail "Cekupupa" {Int+5} for 651 gold
                  | pieces
  7292 | D:6      | Bought a +2 pair of boots for 231 gold pieces
  7340 | D:6      | Reached skill level 7 in Dodging
  7340 | D:6      | Reached XP level 8. HP: 49/60 MP: 7/12
  7453 | D:6      | Found a runed translucent door.
  7454 | D:6      | Noticed Crazy Yiuf
  7583 | D:6      | Killed Eustachio
  7889 | D:6      | Reached skill level 8 in Dodging
  7955 | D:6      | Found a shimmering blue altar of Sif Muna.
  8168 | D:6      | Found a staircase to the Ecumenical Temple.
  8263 | D:6      | Killed Crazy Yiuf
  8367 | D:6      | Got Sif Muna's Reference Book on Confrontation
  8369 | D:6      | Got Sif Muna's Volume of the Frostbite
  8459 | Temple   | Entered the Ecumenical Temple
  8692 | Temple   | Became a worshipper of Warmaster Okawaru
  8754 | D:7      | Noticed a boulder beetle
  8839 | D:7      | Noticed a cyclops
  8857 | D:7      | Reached skill level 9 in Dodging
  8863 | D:7      | Hit by a large rock thrown by a cyclops

Illustrated notes

Levels and vault maps discovered:
D:1:      dpeg_arrival_arbitrary_c, layout_basic
D:2:      layout_basic
D:3:      layout_loops_cross
D:4:      layout_cave_pools, chequers_temple_overflow_statue_of_worship,
          serial_shops, nicolae_take_the_stairs
D:5:      layout_basic, nzn_hepliaklqana_mist_gate
D:6:      layout_rooms, nicolae_sif_muna_little_library,
          minmay_temple_entry_nine_rooms, serial_shops, shop, uniq_sigmund,
          uniq_eustachio, uniq_crazy_yiuf_cottage
D:7:      nzn_winding_woodlands_stair_cross
          [nzn_winding_woodlands_5x15_longhouse,
          nzn_winding_woodlands_center_garden,
          nzn_winding_woodlands_5x15_split_checker,
          nzn_winding_woodlands_5x5_three, nzn_winding_woodlands_5x5_open_star,
          nzn_winding_woodlands_5x15_twine, nzn_winding_woodlands_center_lodge,
          nzn_winding_woodlands_5x15_river_crossing], layout_basic,
          kennysheep_little_box, lemuel_round_altar, dk_noncrumbling_4
Temple:   compressed_dpeg_triangle_lava_temple

Skill      XL: |  1  2  3  4  5  6  7  8 |
---------------+-------------------------+-----
Fighting       | 1 2 3 4 |  4.0
Summonings     | 5 6 |  6.0
Spellcasting   | 3 |  3.0
Stealth        | 2 3 4 |  4.0
Dodging        | 3 4 7 9 |  9.0

Action                   |  1- 3 |  4- 6 |  7- 9 || total
-------------------------+-------+-------+-------++-------
Melee: Unarmed           |     3 |       |       ||     3
       Short sword       |    65 |    83 |       ||   148
       Dagger            |    18 |       |       ||    18
       Spear             |       |    37 |   113 ||   150
 Cast: Summon Small Mamm |    49 |     2 |       ||    51
       Call Imp          |    23 |    30 |    25 ||    78
       Call Canine Famil |       |    14 |    16 ||    30
 Abil: Hop               |     1 |     1 |       ||     2
Evoke: Wand              |       |       |     2 ||     2
  Use: Scroll            |     8 |     3 |     5 ||    16
 Stab: Sleeping          |     3 |       |       ||     3
       Distracted        |       |     2 |     2 ||     4
Armor: Robe              |    35 |    47 |     7 ||    89
       Ring mail         |       |       |    17 ||    17
       Skin              |       |       |    11 ||    11
Dodge: Dodged            |   101 |    98 |    35 ||   234

Table legend: (Time is in decaauts)
 A = Elapsed time spent in this place.
 B = Non-inter-level travel time spent in this place.
 C = Inter-level travel time spent in this place.
 D = Time resting spent in this place.
 E = Time spent auto-exploring this place.
 F = Levels seen in this place.
 G = Mean time per level.
                   A        B        C        D        E       F      G
               +--------+--------+--------+--------+--------+-----+--------+
         Total |   9670 |   8833 |    837 |   1772 |   5790 |   8 | 1208.8 |
       Dungeon |   9373 |   8594 |    779 |   1772 |   5551 |   7 | 1339.0 |
        Temple |    297 |    240 |     57 |      0 |    238 |   1 |  297.0 |
               +--------+--------+--------+--------+--------+-----+--------+

Top non-repeatable levels by time:
     D:2: 1961 daAuts
     D:6: 1688 daAuts
     D:1: 1668 daAuts
     D:3: 1380 daAuts
     D:5: 1376 daAuts
     D:4: 1208 daAuts
  Temple: 297 daAuts
     D:7: 89 daAuts
